 Dungeon Crawl Stone Soup version 0.29-a0-283-ga02f740833 (webtiles) character file.

Game seed: 14273469889819836460

30 cheechan the Sneak (level 3, -2/26 HPs)
             Began as an Octopode Delver on Mar 13, 2022.
             Slain by a phantom (7 damage)
             ... on level 4 of the Dungeon.
             The game lasted 00:02:14 (282 turns).

cheechan the Sneak (Octopode Delver)                 Turns: 282, Time: 00:02:14

Health: -2/26      AC:  1    Str: 11    XL:     3   Next: 20%
Magic:  3/3        EV: 13    Int: 12    God:
Gold:   26         SH:  0    Dex: 15    Spells: 2/2 levels left

rFire   . . .      SeeInvis .   d - +4 scimitar
rCold   . . .      Faith    .   (no shield)
rNeg    . . .      Spirit   .   (helmet restricted)
rPois   .          Reflect  .   (no amulet)
rElec   .          Harm     .   (no ring)
rCorr   .          Rampage  .   (no ring)
Will    .....                   (no ring)
Stlth   +++++.....              (no ring)
HPRegen 0.08/turn               (no ring)
MPRegen 0.08/turn               (no ring)
                                (no ring)
                                (no ring)

@: no status effects
A: almost no armour, amphibious, 8 rings, camouflage 1, gelatinous body 1,
(nimble swimmer 1), tentacles
a: no special abilities


You were on level 4 of the Dungeon.
You visited 1 branch of the dungeon, and saw 2 of its levels.

You collected 26 gold pieces.

Inventory:

Hand Weapons
 a - a +0 short sword
 d - a +4 scimitar (weapon)
 k - the +7 captain's cutlass {speed, disarm}
   (You found it on level 4 of the Dungeon)

   Attacks with this weapon are significantly faster.
   It may disarm weapon-wielding foes when striking them, dealing extra damage
   in the process.
Jewellery
 i - an amulet of the acrobat
Wands
 e - a wand of flame (21)
 f - a wand of digging (3)
Scrolls
 c - a scroll of magic mapping
 g - a scroll of torment {unknown}
 h - a scroll of summoning {unknown}
Potions
 j - a potion of attraction {unknown}


   Skills:
 + Level 3.2 Fighting
 + Level 2.1 Short Blades
 + Level 2.2 Dodging
 + Level 7.4 Stealth


You had 2 spell levels left.
You didn't know any spells.
Your spell library was empty.

Dungeon Overview and Level Annotations

Branches:
Dungeon (5/15)
 Temple: D:4-7

Altars:

Shops:
D:4 *

Annotations:
D:5 Prince Ribbit


Innate Abilities, Weirdness & Mutations

You cannot wear most types of armour.
You are amphibious.
You can wear up to eight rings at the same time.
Your skin changes colour to match your surroundings (Stealth+).
Your rubbery body absorbs attacks. (AC +1, EV +1)
((You are camouflaged when in or above water. (Stealth+)))
You have tentacles for arms and can constrict up to eight enemies at once.


Message History

Found a glass wand.
e - a wand of flame (21)
Your extra speed is starting to run out.
A ball python comes into view.
Found 3 curare-tipped darts.
The helpless ball python fails to defend itself.
You slash the ball python!
You kill the ball python!
You feel yourself slow down.
A quokka comes into view.
You see here 3 curare-tipped darts.
You hear the rusting of a very distant drain.
Found the +7 captain's cutlass {speed, disarm}.
You see here the +7 captain's cutlass {speed, disarm}.
k - the +7 captain's cutlass {speed, disarm} An adder comes into view.
The adder hisses angrily.
The adder barely misses you. The adder completely misses you.
The adder attacks as you move away! The adder bites you.
* * * LOW HITPOINT WARNING * * *
The adder attacks as you move away! The adder completely misses you.
The adder closely misses you.
As you read the scroll of fog, it crumbles to dust.
The scroll dissolves into smoke.
The adder closely misses you. The adder barely misses you.
You slash the adder!
You kill the adder!
You have reached level 3!
Your experience leads to an increase in your attributes!
Increase (S)trength, (I)ntelligence, or (D)exterity?
You feel agile. x2
The phantom attacks as you move away! The phantom closely misses you.
The phantom attacks as you move away! The phantom barely misses you.
The phantom attacks as you move away! The phantom hits you.
* * * LOW HITPOINT WARNING * * *
The phantom attacks as you move away! The phantom hits you.
* * * LOW HITPOINT WARNING * * *
You miss the phantom. The phantom hits you!
You die...

#.............#
.
#.#.###W####..#
#.#.###.# #
#....##.####
###.....#W##..
#.........##.#
.#.....####.# #
#....## #.#.#
#....#####@#.#
#........W...#
##...#####.###
##.## #§§#####
#.#####§§§...#
#§§§§§§§..##.#
#######W#.#
#######.#W#
.......W#.#


You could see a phantom.

Vanquished Creatures
  2 adders (D:4)
  A worm (D:5)
  A ball python (D:4)
  2 hobgoblins (D:4)
  3 jackals (D:4)
9 creatures vanquished.

Notes
Turn   | Place    | Note
-------+----------+-------------------------------------------
     0 | D:5      | cheechan the Octopode Delver began the quest for the Orb.
     0 | D:5      | Reached XP level 1. HP: 16/16 MP: 1/1
    14 | D:5      | Noticed Prince Ribbit
    47 | D:5      | Noticed a hound
    48 | D:5      | Noticed a hound
    83 | D:4      | Reached skill level 7 in Stealth
    83 | D:4      | Reached XP level 2. HP: 21/21 MP: 2/2
   162 | D:4      | Noticed a phantom
   165 | D:4      | Found Wujon's Lightly-Used Armoury.
   254 | D:4      | Found the +7 captain's cutlass {speed, disarm}
   272 | D:4      | Reached XP level 3. HP: 7/26 MP: 3/3
   282 | D:4      | Slain by a phantom

Illustrated notes

Levels and vault maps discovered:
D:4:      layout_loops_ring, minmay_temple_entry_from_below_a,
          gup_sewer_entry_bowl, minmay_shop_damaged
D:5:      layout_cave_pools, nicolae_ru_the_path_less_chosen,
          uniq_prince_ribbit1

Skill      XL: |  1 |
---------------+----+-----
Stealth        | 7 |  7.4
Fighting       | |  3.2
Short Blades   | |  2.1
Dodging        | |  2.2

Action                   || total
-------------------------++-------
Melee: Short sword       ||     4
       Constrict         ||     5
       Tentacles         ||     3
       Scimitar          ||    14
       Punch             ||     1
  Use: Scroll            ||     2
       Potion            ||     1
 Stab: Sleeping          ||     1
Dodge: Dodged            ||    21

Table legend: (Time is in decaauts)
 A = Elapsed time spent in this place.
 B = Non-inter-level travel time spent in this place.
 C = Inter-level travel time spent in this place.
 D = Time resting spent in this place.
 E = Time spent auto-exploring this place.
 F = Levels seen in this place.
 G = Mean time per level.
                   A        B        C        D        E       F      G
               +--------+--------+--------+--------+--------+-----+--------+
         Total |    266 |    266 |      0 |      0 |      0 |   2 |  133.0 |
       Dungeon |    266 |    266 |      0 |      0 |      0 |   2 |  133.0 |
               +--------+--------+--------+--------+--------+-----+--------+

Top non-repeatable levels by time:
     D:4: 186 daAuts
     D:5: 80 daAuts
